Map: Lost and Found LE

Players

Bly

  • Race: Zerg Zerg
  • Spawn Location: 1:00

Zanster - Winner!

  • Race: Zerg Zerg
  • Spawn Location: 7:00

Event: WCS Valencia 2018

VOD

Have the link to the VOD?

Description

Time

  • Played on: July 12, 2018, 10:40 a.m.
  • Length: 12:16

All games in this series

Show
View Real Time Build Order
Export as new Build Order

Bly Zerg 

Build Orders: Hatch First, Roach Nydus 

Get SALT Encoding   

  12  0:01  Drone  
  13  0:12  Overlord  
  13  0:17  Drone  
  14  0:30  Drone x2  
  16  0:47  Hatchery  
  15  0:51  Drone  
  16  1:05  Spawning Pool  
  16  1:08  Drone  
  16  1:12  Drone  
  16  1:15  Drone  
  18  1:19  Drone  
  18  1:21  Extractor  
  18  1:39  Overlord  
  18  1:41  Drone  
  19  1:51  Queen  
  19  1:52  Zergling x2  
  22  2:00  Queen  
  22  2:01  Zergling x2  
  25  2:08  Drone  
  25  2:14  Drone x2  
  28  2:22  Drone  
  29  2:25  Drone  
  30  2:32  Lair  
  30  2:33  Overlord  
  30  2:36  Drone  
  31  2:38  Queen  
  33  2:53  Drone x3  
  36  3:02  Overlord  
  36  3:03  Drone x3  
  39  3:06  Drone  
  39  3:07  Drone x2  
  41  3:21  Roach Warren  
  41  3:23  Evolution Chamber  
  41  3:24  Evolution Chamber  
  41  3:25  Extractor  
  36  3:29  Drone x5  
  41  3:35  Extractor  
  41  3:37  Queen  
  42  3:47  Nydus Network  
  41  3:54  Overlord  
  41  4:05  Roach x4  
  41  4:06  Roach  
  51  4:11  Overlord  
  51  4:24  Nydus Canal  
  51  4:28  Roach x3  
  51  4:29  Queen  
  59  4:38  Roach x3  
  65  4:48  Roach  
  67  4:59  Nydus Canal  
  67  5:07  Roach  
  67  5:10  Roach  
  67  5:11  Roach x2  
  63  5:14  Roach  
  63  5:16  Queen, Roach x2  
  65  5:24  Drone x2  
  65  5:26  Glial Reconstitution  
  63  5:30  Drone  
  63  5:31  Queen  
  66  5:42  Nydus Canal  
  64  5:43  Drone x3  
  64  5:47  Extractor  
  66  5:50  Drone  
  66  5:51  Drone  
  66  5:55  Zerg Missile Weapons Level 1  
  68  6:04  Hatchery  
  68  6:08  Drone  
  68  6:11  Overlord  
  68  6:17  Nydus Canal  
  68  6:25  Spire  
  68  6:27  Drone  
  68  6:29  Overlord  
  68  6:35  Drone x3  
  71  6:43  Nydus Canal  
  71  6:46  Roach x2  
  75  6:51  Overlord  
  75  6:57  Roach x4  
  83  7:13  Roach  
  85  7:21  Roach  
  85  7:22  Roach x8  
  97  7:37  Nydus Canal  
  97  7:40  Drone x3  
  97  7:41  Overlord  
  97  7:42  Overlord  
  98  7:47  Extractor  
  98  7:49  Overlord x2  
  98  7:50  Extractor  
  96  7:56  Overlord  
  96  8:04  Roach x6  
  84  8:15  Roach  
  84  8:16  Roach x4  
  90  8:30  Nydus Canal  
  90  8:36  Evolution Chamber  
  90  8:41  Mutalisk x5  
  97  8:57  Mutalisk  
  91  9:21  Mutalisk x2  
  58  9:33  Mutalisk x2  
  37  10:34  Hatchery  
  28  11:56  Drone  
  29  12:02  Drone  
Show
View Real Time Build Order
Export as new Build Order

Zanster Zerg - Winner!

Build Orders: Hatch First 

Get SALT Encoding   

  12  0:00  Drone  
  13  0:13  Overlord  
  13  0:17  Drone  
  14  0:31  Drone  
  14  0:32  Drone  
  16  0:48  Hatchery  
  15  0:51  Drone  
  15  0:55  Drone  
  17  1:09  Spawning Pool  
  16  1:11  Drone  
  16  1:15  Drone  
  16  1:18  Extractor  
  17  1:19  Drone  
  18  1:29  Drone  
  19  1:40  Drone  
  20  1:50  Overlord  
  20  1:55  Queen  
  20  2:00  Queen  
  24  2:03  Drone x2  
  26  2:11  Drone  
  26  2:12  Drone  
  28  2:20  Metabolic Boost  
  28  2:23  Zergling x4  
  30  2:36  Hatchery  
  29  2:38  Drone  
  29  2:40  Zergling x2  
  31  2:47  Baneling Nest  
  31  2:48  Drone  
  31  2:54  Overlord  
  30  3:01  Zergling x2  
  31  3:06  Drone x4  
  35  3:13  Drone x4  
  35  3:18  Overlord  
  38  3:26  Drone  
  39  3:30  Drone x2  
  42  3:36  Evolution Chamber  
  42  3:38  Drone x3  
  42  3:39  Drone  
  42  3:40  Drone x3  
  48  3:51  Drone x3  
  51  3:59  Overlord  
  51  4:01  Roach Warren  
  51  4:02  Drone  
  51  4:03  Overlord  
  51  4:06  Extractor  
  51  4:07  Extractor  
  51  4:08  Extractor  
  48  4:10  Drone x3  
  48  4:11  Drone  
  52  4:21  Spine Crawler  
  52  4:23  Spine Crawler x2  
  49  4:40  Roach x8  
  49  4:41  Roach  
  63  4:47  Roach x2  
  60  4:54  Roach  
  50  5:04  Drone x3  
  50  5:15  Drone x3  
  50  5:20  Drone x2  
  51  5:31  Drone  
  51  5:32  Drone x3  
  55  5:40  Roach x3  
  61  5:45  Zerg Missile Weapons Level 1  
  61  5:53  Lair  
  61  5:55  Drone  
  61  5:56  Drone x3  
  65  6:11  Queen x2  
  67  6:12  Drone x3  
  67  6:15  Ravager x2  
  74  6:25  Overlord x3  
  74  6:42  Overlord x2  
  74  6:45  Drone  
  74  6:46  Drone x5  
  80  6:49  Queen  
  80  6:51  Glial Reconstitution, Drone  
  83  6:56  Roach  
  83  7:01  Roach x2  
  83  7:16  Roach  
  83  7:17  Roach x3  
  83  7:21  Roach x7  
  100  7:24  Overlord  
  100  7:28  Queen  
  102  7:32  Roach x2  
  102  7:36  Roach  
  106  7:40  Zerg Missile Weapons Level 2  
  106  7:42  Overseer  
  104  7:51  Roach x4  
  112  7:55  Roach  
  114  8:03  Roach x5  
  116  8:07  Roach x2  
  105  8:15  Overlord  
  105  8:17  Roach  
  107  8:26  Roach x2  
  111  8:28  Overlord  
  111  8:32  Extractor  
  110  8:38  Roach x3  
  116  8:43  Roach x3, Hatchery  
  116  8:46  Overlord  
  115  8:56  Roach x6  
  120  9:05  Roach  
  120  9:06  Roach  
  113  9:16  Queen  
  112  9:20  Roach  
  112  9:21  Roach  
  83  9:51  Queen  
  80  9:56  Spore Crawler  
  80  9:58  Spore Crawler  
  66  10:14  Drone x3  
  66  10:15  Queen  
  66  10:18  Spore Crawler  
  54  10:28  Roach  
  54  10:29  Roach x2  
  56  10:36  Drone x3  
  56  10:37  Drone  
  60  10:47  Queen  
  62  10:50  Overseer  
  62  10:59  Queen  
  62  11:00  Queen  
  62  11:14  Spore Crawler  
  59  11:23  Queen  
  59  11:34  Queen, Drone x5  
  59  11:36  Queen  
  68  11:42  Drone x3  
  71  11:52  Drone x5  
  71  11:54  Drone  
  76  11:56  Drone  
  77  12:11  Spore Crawler  
Tags
 
Add a new tag
Caveats
  • Supply blocks, unpowered buildings, or Contaminate may cause inaccurate times.
  • Supply counts are checked every 10 seconds.